 Dungeon Crawl Stone Soup version 0.24.0-123-gd5b16e6ec5 (webtiles) character file.

Game seed: 11530798363094042420, levelgen mode: deterministic

97493 Amplified the Hoplite (level 15, -2/130 HPs)
             Began as a Minotaur Wizard on Feb 7, 2020.
             Was the Champion of Makhleb.
             Killed from afar by an acid dragon (8 damage)
             ... with a splash of acid
             ... on level 6 of the Lair of Beasts on Feb 8, 2020.
             The game lasted 00:43:26 (25746 turns).

Amplified the Hoplite (Minotaur Wizard)            Turns: 25746, Time: 00:43:27

Health: -2/130     AC:  7    Str: 18    XL:     15   Next: 72%
Magic:  17/17      EV:  6    Int: 15    God:    Makhleb [******]
Gold:   1465       SH: 25    Dex:  9    Spells: 13/18 levels left

rFire    + . .     SeeInvis .   s - +3 broad axe (venom)
rCold    + + .     Gourm    .   x - +1 large shield
rNeg     . . .     Faith    .   P - +3 plate armour {rPois}
rPois    +         Spirit   .   b - +2 hat
rElec    .         Reflect  .   Q - scarf {rC+ rF+}
rCorr    .         Harm     .   m - +0 pair of gloves
MR       +....                  p - +0 pair of boots
Stlth    ..........             k - amulet of the acrobat
HPRegen  0.31/turn              F - +2 ring of slaying
MPRegen  0.15/turn              n - ring of protection from cold

@: corroded
A: retaliatory headbutt, horns 2
a: Minor Destruction, Lesser Servant of Makhleb, Major Destruction, Greater
Servant of Makhleb, Renounce Religion


You were on level 6 of the Lair of Beasts.
You worshipped Makhleb.
Makhleb was exalted by your worship.
You were hungry.

You visited 3 branches of the dungeon, and saw 23 of its levels.

You collected 2681 gold pieces.
You spent 1216 gold pieces at shops.

Inventory:

Hand Weapons
 s - a +3 broad axe of venom (weapon)
 w - a +2 trident of piercing
 B - a +1 demon blade of venom
 I - the +7 great mace "Firestarter" {inner flame, rF++}
   (You found it on level 4 of the Lair of Beasts)

   It has been specially enchanted to burn those struck by it, causing extra
   injury to most foes and up to half again as much damage against particularly
   susceptible opponents.
   It greatly protects you from fire.
Missiles
 c - 798 stones (quivered)
 h - 434 arrows
Armour
 b - a +2 hat (worn)
 m - a +0 pair of gloves (worn)
 p - a +0 pair of boots (worn)
 x - a +1 large shield (worn)
 P - a +3 plate armour of poison resistance (worn)
 Q - a scarf of resistance (worn)
Jewellery
 g - an uncursed ring of positive energy
 k - an amulet of the acrobat (around neck)
 n - a ring of protection from cold (right hand)
 o - an uncursed ring of fire
 v - an uncursed amulet of rage
 E - an uncursed ring of fire
 F - a +2 ring of slaying (left hand)
Wands
 j - a wand of flame (19)
 t - a wand of enslavement (12)
 y - a wand of digging (7)
 A - a wand of random effects (42)
 C - a wand of acid (3)
 D - a wand of polymorph (19)
 L - a wand of paralysis (6)
 M - a wand of disintegration (34)
Scrolls
 a - 8 scrolls of identify
 e - 3 scrolls of amnesia
 i - 2 scrolls of brand weapon
 l - 10 scrolls of remove curse
 r - 4 scrolls of teleportation
 G - 3 scrolls of magic mapping
 J - 2 scrolls of fog
 R - a scroll of holy word
Potions
 f - a potion of mutation
 q - a potion of magic
 u - a potion of curing
 z - 4 potions of brilliance
 K - 3 potions of flight
Comestibles
 d - 47 rations


   Skills:
 - Level 11.2 Fighting
 - Level 14.0(14.1) Axes
 - Level 3.3(9.9) Maces & Flails
 - Level 3.7 Armour
 - Level 4.2 Dodging
 - Level 1.5 Stealth
 * Level 24.4 Shields
 - Level 2.1 Spellcasting
 - Level 0.6 Conjurations
   Level 0.6 Summonings
 - Level 0.6 Translocations


You had 13 spell levels left.
You knew the following spells:

 Your Spells              Type           Power        Failure   Level  Hunger
a - Mephitic Cloud        Conj/Pois/Air  #.......     100%        3    ###....
b - Blink                 Tloc           N/A          100%        2    ###....

Your spell library contained the following spells:

 Spells                   Type           Power        Failure   Level  Hunger
 Animate Skeleton         Necr           N/A          100%        1    #......
 Magic Dart               Conj           #...         100%        1    #......
 Pain                     Necr           #...         100%        1    #......
 Call Imp                 Summ           #.......     100%        2    ###....
 Slow                     Hex            #.......     100%        2    ###....
 Conjure Flame            Conj/Fire      #.......     100%        3    ###....
 Regeneration             Chrm/Necr      #.........   100%        3    ###....
 Vampiric Draining        Necr           #.........   100%        3    ###....
 Animate Dead             Necr           N/A          100%        4    #####..
 Leda's Liquefaction      Hex/Erth       #.........   100%        4    #####..
 Bolt of Magma            Conj/Fire/Erth #.........   100%        5    ######.
 Iron Shot                Conj/Erth      #.........   100%        6    #######
 Statue Form              Tmut/Erth      #........    100%        6    #######
 Shatter                  Erth           #.........   100%        9    #######


Dungeon Overview and Level Annotations

Branches:
Dungeon (15/15)            Temple (0/1) D:7            Lair (6/6) D:11
  Swamp (0/4) Lair:4        Snake (0/4) Lair:4        Slime (0/5) Lair:5
    Orc (2/2) D:12            Elf (0/3) Orc:2        Vaults (0/5) D:14
 Depths (0/5) D:15

Altars:
Ashenzari
Dithmenos
Makhleb
Sif Muna
Trog
Uskayaw
Yredelemnul
Beogh
Jiyva

Shops:
D:5 =   D:12 [   Orc:2 }**%

Annotations:
D:11 Improve armour and then go
Lair:4 Maekhu's ghost, journeyman TrHu
Lair:5 1 runed translucent door


Innate Abilities, Weirdness & Mutations

You reflexively headbutt those who attack you in melee.
You have a pair of horns on your head.


Message History

The crocodile bites you!
* * * LOW HITPOINT WARNING * * *
You block the acid dragon's attack.
The acid dragon claws you but does no damage.
The acid dragon spits acid at you. The splash of acid hits you!
* * * LOW HITPOINT WARNING * * *
You are splashed with acid!
* * * LOW HITPOINT WARNING * * *
You block the crocodile's attack. You block the crocodile's attack.
Your surroundings suddenly seem different.
The acid dragon spits acid at you. The splash of acid misses you.
Unknown command.
As you read the scroll of fog, it crumbles to dust.
The scroll dissolves into smoke.
The acid dragon spits acid at you. The splash of acid hits you!
You die...

. ##.........###.....#####...
#..................##.#...
#######.............†t..........
##.PP..P†P.#.........†D.t........
...P.....P###........†t.D........
..........# ##...................
..##.##...#P#..§.................
##....#..P..§§§...............
###.......?§@§...............
##.......##P§####...........
#....######### .#..###....#
..........# # ..# #P..#
..........# P. #...###...# ..##
#...# # ..... ......


You could see 2 crocodiles and an acid dragon.

Vanquished Creatures
  Kirke (Lair:4)
  A frost giant (D:15)
  An orc warlord (Orc:1)
  A stone giant (Orc:1)
  A fire dragon (D:15)
  Erolcha (D:11)
  3 vault guards (D:14)
  2 hydras
  A death knight (D:15)
  6 centaur warriors
  2 catoblepae
  2 ogre magi
  14 two-headed ogres
  A tengu warrior (D:12)
  2 death yaks (Lair:4)
  A swamp dragon (shapeshifter) (D:15)
  2 unseen horrors
  2 wizards (D:14)
  2 deep trolls (Orc:1)
  3 orc knights
  A necromancer (D:14)
  An orc sorcerer (Orc:2)
  2 oklob plants (Lair:4)
  26 ugly things
  A deep elf mage (D:14)
  3 manticores
  6 cyclopes
  Maurice (D:10)
  A centaur zombie (D:13)
  5 black mambas
  An elephant (D:8)
  A gargoyle (D:12)
  A torpor snail (Lair:4)
  7 spiny frogs
  4 rime drakes
  5 komodo dragons
  A yaktaur (D:15)
  A tengu conjurer (D:12)
  18 trolls
  A polar bear (Lair:6)
  Prince Ribbit (D:7)
  3 meliai (D:14)
  3 hornets (Lair:5)
  7 slime creatures (D:15)
  The ghost of Xerdoz the Insei, an amateur OpTm (D:5)
  4 blink frogs (Lair:6)
  8 hippogriffs
  A meliai zombie (D:14)
  Sigmund (D:3)
  12 spriggans (Lair:5)
  51 yaks
  An air elemental (D:14)
  A water elemental (D:14)
  Eustachio (D:5)
  2 vampires (D:14)
  14 humans (D:14)
  2 fire elementals
  10 basilisks
  6 hungry ghosts
  4 vampire mosquitoes (D:15)
  3 wargs
  2 acid dragons
  A soldier ant (D:15)
  4 water moccasins
  6 porcupines
  A swamp drake (Lair:6)
  21 orc warriors
  2 ice beasts (D:7)
  A black bear (D:11)
  6 sky beasts
  An eye of draining (shapeshifter) (D:14)
  2 phantoms
  A black mamba simulacrum (Lair:4)
  2 necrophages
  30 ogres
  3 boggarts (Lair:5)
  2 centaurs
  13 crocodiles
  2 big kobolds (D:12)
  18 bullfrogs
  An earth elemental (D:14)
  A gnoll sergeant (D:6)
  A spiny frog simulacrum (Lair:4)
  2 wyvern skeletons
  A blink frog simulacrum (Lair:4)
  2 scorpions
  The ghost of brucemayne the Chopper, a weakling HOMo (D:5)
  10 killer bees
  12 wights
  4 lava snakes (D:15)
  An electric eel (Lair:1)
  A howler monkey (D:4)
  8 crimson imps
  A komodo dragon simulacrum (Lair:4)
  2 quasits
  2 bullfrog zombies
  19 orc priests
  8 hounds
  6 jellies
  Ijyb (D:3)
  5 iguanas
  17 orc wizards
  5 centaur skeletons
  Terence (D:4)
  Natasha (thrice) (D:2)
  3 hell rats (Lair:3)
  7 worker ants
  A polar bear simulacrum (Lair:4)
  A hound zombie (D:6)
  A hound skeleton (D:7)
  Robin (D:3)
  2 howler monkey zombies
  A worker ant zombie (D:5)
  9 adders
  8 gnolls
  4 river rats (Lair:3)
  2 shadow imps
  5 oozes (D:8)
  2 adder skeletons
  A worm (D:2)
  4 leopard geckos
  68 orcs
  3 ball pythons
  11 bats
  A giant cockroach (D:4)
  15 goblins
  9 hobgoblins
  2 jackals (D:10)
  4 quokkas
  4 frilled lizards
  10 kobolds
  A quokka skeleton (D:4)
  8 rats
  4 fungi
  4 plants
701 creatures vanquished.

Vanquished Creatures (collateral kills)
  An ogre mage (Orc:2)
  2 komodo dragons (Lair:3)
  4 humans (D:14)
  A warg (Orc:2)
  2 orc warriors
  A porcupine (Lair:3)
  A scorpion (D:12)
  An orc wizard (Orc:2)
  An orc (Orc:2)
14 creatures vanquished.

Vanquished Creatures (others)
  A rime drake (Lair:4)
  2 humans (Lair:4)
  An orc warrior (Orc:2)
  A spiny frog simulacrum (Lair:4)
  A gnoll (D:3)
  2 fungi (Lair:4)
  14 plants
  2 withered plants (D:5)
24 creatures vanquished.

Grand Total: 739 creatures vanquished

Notes
Turn   | Place    | Note
-------+----------+-------------------------------------------
     0 | D:1      | Amplified the Minotaur Wizard began the quest for the Orb.
     0 | D:1      | Reached XP level 1. HP: 14/14 MP: 2/2
   396 | D:1      | Reached skill level 1 in Fighting
   396 | D:1      | Reached skill level 1 in Armour
   396 | D:1      | Reached XP level 2. HP: 18/23 MP: 0/4
   683 | D:1      | Learned a level 2 spell: Blink
  1124 | D:2      | Noticed Natasha
  1132 | D:2      | Killed Natasha
  1132 | D:2      | Reached XP level 3. HP: 25/29 MP: 3/5
  1229 | D:2      | Noticed Natasha
  1550 | D:3      | Reached XP level 4. HP: 35/37 MP: 6/6
  2405 | D:3      | Noticed Ijyb
  2632 | D:3      | Reached skill level 1 in Maces & Flails
  2749 | D:3      | Noticed Terence
  2751 | D:3      | Noticed Sigmund
  2776 | D:4      | Killed Terence
  2776 | D:4      | Reached XP level 5. HP: 34/45 MP: 5/7
  3105 | D:4      | Reached XP level 6. HP: 37/52 MP: 8/8
  3229 | D:4      | Found a burning altar of Makhleb.
  3230 | D:4      | Found a bloodstained altar of Trog.
  3233 | D:4      | Found a hide-covered altar of Uskayaw.
  3237 | D:4      | Became a worshipper of Makhleb the Destroyer
  3478 | D:4      | Found a shadowy altar of Dithmenos.
  3618 | D:5      | Entered Level 5 of the Dungeon
  3671 | D:5      | Found Buffog's Jewellery Boutique.
  3693 | D:5      | Reached skill level 1 in Axes
  3788 | D:5      | Found a runed translucent gate.
  3792 | D:5      | Found a runed translucent gate.
  3793 | D:5      | Found a runed translucent gate.
  3794 | D:5      | Noticed Xerdoz's ghost (amateur OpTm)
  3794 | D:5      | Noticed brucemayne's ghost (weakling HOMo)
  3859 | D:5      | Found a basalt altar of Yredelemnul.
  4003 | D:5      | Reached skill level 5 in Fighting
  4003 | D:5      | Reached skill level 1 in Shields
  4003 | D:5      | Reached XP level 7. HP: 50/61 MP: 9/9
  4019 | D:5      | Noticed Eustachio
  4029 | D:5      | Killed Eustachio
  4029 | D:5      | Reached skill level 2 in Shields
  4409 | D:3      | Killed Ijyb
  4421 | D:3      | Reached skill level 3 in Shields
  4494 | D:3      | Reached * piety under Makhleb
  4504 | D:3      | Found a shattered altar of Ashenzari.
  4612 | D:3      | Killed Sigmund
  4840 | D:3      | Noticed Robin
  4859 | D:3      | Killed Robin
  4859 | D:3      | Reached skill level 4 in Shields
  4981 | D:3      | Reached XP level 8. HP: 68/70 MP: 10/10
  5069 | D:3      | Learned a level 3 spell: Mephitic Cloud
  5174 | D:2      | Killed Natasha
  5241 | D:2      | Noticed Natasha
  5245 | D:2      | Killed Natasha
  5343 | D:6      | Reached skill level 5 in Axes
  5555 | D:6      | Got a sheer robe
  5566 | D:6      | Identified the +1 robe "Joc Oshro" {Dex+4} (You found it on
                  | level 6 of the Dungeon)
  5645 | D:6      | Reached skill level 5 in Shields
  6137 | D:7      | Noticed Prince Ribbit
  6146 | D:7      | Killed Prince Ribbit
  6146 | D:7      | Reached skill level 6 in Shields
  6268 | D:7      | Reached ** piety under Makhleb
  6396 | D:7      | Found a staircase to the Ecumenical Temple.
  6435 | D:7      | Reached XP level 9. HP: 70/78 MP: 11/11
  6590 | D:7      | Reached skill level 7 in Shields
  7103 | D:5      | Bought a +2 ring of slaying for 294 gold pieces
  7327 | D:8      | Noticed a two-headed ogre
  7328 | D:8      | Noticed an elephant
  7328 | D:8      | a two-headed ogre changed into an elephant
  7338 | D:8      | Killed an elephant
  7338 | D:8      | Reached skill level 8 in Shields
  8303 | D:9      | Reached skill level 9 in Shields
  8539 | D:9      | Reached XP level 10. HP: 78/89 MP: 12/12
  8725 | D:9      | Reached skill level 10 in Axes
  8813 | D:9      | Reached skill level 10 in Shields
  9104 | D:10     | Entered Level 10 of the Dungeon
  9274 | D:10     | Reached *** piety under Makhleb
  9388 | D:10     | Noticed a two-headed ogre
  9395 | D:10     | Killed a two-headed ogre
  9502 | D:10     | Reached skill level 11 in Shields
  9566 | D:10     | Noticed Maurice
  9582 | D:10     | Killed Maurice
  9818 | D:11     | Noticed Erolcha
  9826 | D:11     | Killed Erolcha
  9826 | D:11     | Reached XP level 11. HP: 97/97 MP: 13/13
  9994 | D:11     | Found a staircase to the Lair.
 10430 | D:11     | Killed an unseen horror
 10430 | D:11     | Reached skill level 10 in Fighting
 10430 | D:11     | Reached skill level 12 in Shields
 10758 | D:12     | Found Diunapol's Armour Boutique.
 10758 | D:12     | Found a staircase to the Orcish Mines.
 11020 | D:12     | Reached **** piety under Makhleb
 11031 | D:12     | Noticed a tengu warrior
 11061 | D:12     | Killed a tengu warrior
 11359 | Lair:1   | Entered Level 1 of the Lair of Beasts
 11644 | Lair:1   | Reached skill level 13 in Shields
 11720 | Lair:1   | Reached XP level 12. HP: 108/108 MP: 14/14
 12184 | Lair:2   | Noticed a catoblepas
 12207 | Lair:2   | Killed a catoblepas
 13567 | Lair:3   | Reached skill level 14 in Shields
 13738 | Lair:3   | Noticed a six-headed hydra
 13746 | Lair:3   | Killed a six-headed hydra
 13983 | Lair:4   | Noticed Kirke
 14008 | Lair:4   | Killed Kirke
 14008 | Lair:4   | Reached skill level 15 in Shields
 14035 | Lair:4   | Noticed a death yak
 14035 | Lair:4   | Noticed a death yak
 14046 | Lair:4   | Killed a death yak
 14053 | Lair:4   | Killed a death yak
 14104 | Lair:4   | Found a runed translucent gate.
 14104 | Lair:4   | Found a runed translucent gate.
 14109 | Lair:4   | Found a runed translucent gate.
 14137 | Lair:4   | Reached skill level 16 in Shields
 14233 | Lair:4   | Found a staircase to the Swamp.
 14282 | Lair:4   | Noticed a five-headed hydra
 14307 | Lair:4   | Killed a five-headed hydra
 14458 | Lair:4   | Found a staircase to the Snake Pit.
 14546 | Lair:4   | Noticed Maekhu's ghost (journeyman TrHu)
 14942 | Lair:4   | Reached XP level 13. HP: 116/116 MP: 15/15
 15517 | Lair:5   | Reached ***** piety under Makhleb
 15692 | Lair:5   | Reached skill level 17 in Shields
 16450 | Lair:5   | Found a runed translucent door.
 16453 | Lair:5   | Found a viscous altar of Jiyva.
 16454 | Lair:5   | Found a staircase to the Slime Pits.
 16454 | Lair:5   | Noticed an azure jelly
 16454 | Lair:5   | Noticed an azure jelly
 16646 | Lair:6   | Entered Level 6 of the Lair of Beasts
 16986 | D:12     | Bought a +3 plate armour of poison resistance for 672 gold
                  | pieces
 17022 | D:12     | Reached skill level 18 in Shields
 17627 | D:12     | Found a shimmering blue altar of Sif Muna.
 17692 | Orc:1    | Entered Level 1 of the Orcish Mines
 17692 | Orc:1    | Noticed a stone giant
 17702 | Orc:1    | Killed a stone giant
 17998 | Orc:2    | Entered Level 2 of the Orcish Mines
 18023 | Orc:1    | Reached skill level 19 in Shields
 18090 | Orc:2    | Noticed an orc warlord
 18508 | Orc:1    | Killed an orc warlord
 18935 | Orc:1    | Reached XP level 14. HP: 110/124 MP: 16/16
 18981 | Orc:1    | Reached skill level 20 in Shields
 19232 | Orc:2    | Reached ****** piety under Makhleb
 19236 | Orc:2    | Found Carymusk's Food Shop.
 19271 | Orc:2    | Found Canle's General Store.
 19278 | Orc:2    | Found Fiesoep's Assorted Antiques.
 19279 | Orc:2    | Found Utanno's Gadget Boutique.
 19326 | Orc:2    | Bought a scroll of fog for 66 gold pieces
 19326 | Orc:2    | Bought a scroll of teleportation for 99 gold pieces
 19326 | Orc:2    | Bought a fuming red potion for 29 gold pieces
 19333 | Orc:2    | Bought a potion of agility for 56 gold pieces
 19723 | Orc:2    | Paralysed by an orc sorcerer for 2 turns
 19821 | Orc:2    | Found a staircase to the Elven Halls.
 19822 | Orc:2    | Found a roughly hewn altar of Beogh.
 20032 | Orc:1    | Found a roughly hewn altar of Beogh.
 20212 | D:13     | Reached skill level 21 in Shields
 20715 | D:14     | Found a gate to the Vaults.
 20766 | D:14     | Reached skill level 22 in Shields
 21328 | D:14     | Found a large runed translucent door.
 21329 | D:14     | Found a large runed translucent door.
 22107 | D:15     | Entered Level 15 of the Dungeon
 22186 | D:15     | Reached XP level 15. HP: 130/130 MP: 17/17
 22888 | D:15     | Reached skill level 23 in Shields
 24034 | D:15     | Reached skill level 24 in Shields
 24052 | D:15     | Noticed a frost giant
 24053 | D:15     | Found a staircase to the Depths.
 24066 | D:15     | Killed a frost giant
 24466 | D:5      | Killed Xerdoz's ghost
 24471 | D:5      | Killed brucemayne's ghost
 24665 | Lair:4   | Found the +7 great mace "Firestarter" {inner flame, rF++}
 25742 | Lair:6   | HP: 4/130 [acid (11)]
 25746 | Lair:6   | Killed from afar by an acid dragon

Levels and vault maps discovered:
D:1:      dpeg_arrival_water_temple_mockup, layout_basic
D:2:      layout_rooms, uniq_natasha
D:3:      layout_basic, evilmike_ruin_ashenzari, first_ration,
          kennysheep_generic_room_5, uniq_terence, uniq_sigmund, uniq_robin,
          uniq_ijyb, uniq_crazy_yiuf_cottage
D:4:      layout_rooms, kennysheep_little_box, minitemple, minmay_checkerbox
D:5:      layout_basic, lemuel_crystal_altar, serial_shops, shop,
          gammafunk_ghost_cemetery, uniq_eustachio
D:6:      layout_basic
D:7:      layout_cave_pools, temple_doors_e, uniq_prince_ribbit1
D:8:      layout_basic, hangedman_little_slice_of_home
D:9:      layout_loops_ring
D:10:     layout_loops_ring, uniq_maurice
D:11:     layout_grid_maze, grunt_lair_entry_orc_guard_hut, uniq_erolcha
D:12:     layout_roguey, orc_david_3, lemuel_blue_sif_altar
D:13:     layout_rooms
D:14:     minmay_goldmine, layout_stronghold, grunt_vaults_entry_tiered,
          minmay_splitting_lines, lightli_elemental_guards
D:15:     grunt_enter_depths_snipers, layout_basic,
          chequers_serial_rivers_micro_d, chequers_serial_rivers_micro_d
Lair:1:   layout_roguey, minivault_27, serial_bayou_ford_a, grunt_megastairs_3
Lair:2:   layout_loops_ring, grunt_megastairs_1
Lair:3:   layout_hall_layers, kennysheep_abandoned_house
Lair:4:   layout_roguey, swamp_mist, gammafunk_ghost_icy, guppyfry_lair_drakes,
          minmay_lair_oklob_chamber, uniq_kirke
Lair:5:   kb_forest_paths, layout_long_grid, slime_altar_2, minivault_26
Lair:6:   wormcave, layout_small_grid, guppyfry_lair_end_dragon,
          kennysheep_basilisk_garden, serial_bayou_shore_b,
          infiniplex_staircase_pool_2
Orc:1:    layout_diamond_mine, basic_altar
Orc:2:    st_orc_open, layout_caves, basic_altar

Skill      XL: |  1  2  3  4  5  6  7  8  9 10 11 12 13 14 15 |
---------------+----------------------------------------------+-----
Fighting       | 1 2 3 4 5 6 8 9 10 11 | 11.2
Armour         | 1 2 3 |  3.7
Dodging        | 3 4 |  4.2
Maces & Flails | 1 2 3 |  3.3
Axes           | 2 4 7 9 11 13 14 | 14.0
Shields        | 1 4 6 9 11 13 16 19 22 24 | 24.4
Stealth        | |  1.5
Spellcasting   | |  2.1
Conjurations   | |  0.6
Summonings     | |  0.6
Translocations | |  0.6

Action                   |  1- 3 |  4- 6 |  7- 9 | 10-12 | 13-15 || total
-------------------------+-------+-------+-------+-------+-------++-------
Melee: Unarmed           |    57 |     7 |       |       |       ||    64
       Headbutt          |     9 |    19 |    44 |   135 |   280 ||   487
       Dagger            |    19 |    20 |       |       |       ||    39
       Flail             |       |    76 |       |       |       ||    76
       Hand axe          |       |    34 |   288 |   561 |   848 ||  1731
       Trident           |       |       |       |    28 |       ||    28
       Broad axe         |       |       |       |       |   583 ||   583
 Cast: Magic Dart        |    20 |    10 |     2 |       |       ||    32
       Blink             |     1 |       |       |       |       ||     1
Invok: Lesser Servant of |       |       |       |     3 |    10 ||    13
Evoke: Wand              |       |       |     8 |    29 |    24 ||    61
  Use: Scroll            |     6 |     4 |     7 |    15 |    20 ||    52
       Potion            |     3 |     3 |     7 |     8 |     9 ||    30
 Stab: Sleeping          |       |       |     3 |     4 |     2 ||     9
       Distracted        |       |       |     1 |     1 |     1 ||     3
       Confused          |       |       |     1 |       |     1 ||     2
       Paralysed         |       |       |       |     5 |     7 ||    12
       Petrified         |       |       |       |     2 |       ||     2
       Betrayed ally     |       |       |       |       |     1 ||     1
  Eat: Chunk             |     1 |     3 |     7 |    13 |    20 ||    44
       Ration            |     1 |     1 |     3 |     2 |     5 ||    12
Armor: Ring mail         |    29 |    52 |    35 |       |       ||   116
       Skin              |       |       |    20 |       |       ||    20
       Robe              |       |       |    32 |    65 |    12 ||   109
       Plate armour      |       |       |       |       |   391 ||   391
Dodge: Dodged            |    86 |   106 |   202 |   142 |   199 ||   735
Block: Large shield      |       |       |       |   410 |  1180 ||  1590
